 Dungeon Crawl Stone Soup version 0.31.0-11-ge490571c62 (webtiles) character file.

Game seed: 17795395994122355637

32 qw the Shooter (level 3, 0/20 HPs)
             Began as a Deep Elf Hunter on Feb 3, 2024.
             Slain by an adder (1 damage)
             ... on level 2 of the Dungeon.
             The game lasted 00:00:03 (1277 turns).

qw the Shooter (Deep Elf Hunter)                    Turns: 1277, Time: 00:00:03

Health: 0/20       AC:  5    Str: 10    XL:     3   Next: 8%
Magic:  5/5        EV: 11    Int: 13    God:
Gold:   86         SH:  0    Dex: 18    Spells: 2/2 levels left

rFire   . . .        a - +0 shortbow
rCold   . . .        (shield currently unavailable)
rNeg    . . .        i - +0 ring mail
rPois   .            (no helmet)
rElec   .            (no cloak)
rCorr   .            (no gloves)
SInv    .            (no boots)
Will    .....        (no amulet)
Stlth   +            (no ring)
HPRegen 0.23/turn    (no ring)
MPRegen 0.09/turn

%: no passive effects
@: no status effects
A: no striking features
a: no special abilities


You were on level 2 of the Dungeon.
You visited 1 branch of the dungeon, and saw 2 of its levels.

You collected 86 gold pieces.


   Skills:
 - Level 1.5 Fighting
 + Level 6.7 Ranged Weapons
 - Level 2.4 Dodging
 - Level 1.2 Stealth


You had 2 spell levels left.
You didn't know any spells.
Your spell library was empty.

Inventory:

Hand Weapons
 a - a +0 shortbow (weapon)
Armour
 i - a +0 ring mail (worn)
Potions
 d - a potion of might {unknown}
 f - a potion of curing {unknown}
 g - a potion of heal wounds {unknown}
 j - a potion of haste {unknown}

Dungeon Overview and Level Annotations

Branches:
Dungeon (2/15)

Altars:


Message History

The kobold hits you but does no damage. The adder bites you.
You are poisoned.
The adder poisons you!
You shoot an arrow.
The arrow hits the kobold but does no damage.
The kobold is severely wounded.
You feel sick. The adder misses you. The kobold closely misses you.
You shoot an arrow. The arrow barely misses the kobold.
You feel sick. The adder completely misses you.
The kobold hits you but does no damage. The adder bites you but does no damage.
You shoot an arrow.
The arrow hits the kobold but does no damage.
The kobold is severely wounded.
You feel sick. The kobold closely misses you. The adder misses you.
The kobold barely misses you.
You shoot an arrow.
The arrow hits the kobold but does no damage.
The kobold is severely wounded.
You feel sick.
You are no longer poisoned.
The adder bites you.
You are poisoned.
The adder poisons you! The adder barely misses you.
The kobold completely misses you.
You shoot an arrow. The arrow hits the kobold.
You kill the kobold!
You feel sick. The adder bites you but does no damage.
The adder barely misses you.
You shoot an arrow. The arrow misses the adder.
You feel sick. The adder bites you but does no damage.
You shoot an arrow. The arrow barely misses the adder.
You feel sick. The adder barely misses you. x2
You shoot an arrow. The arrow closely misses the adder.
You feel sick. The adder bites you but does no damage.
You shoot an arrow. The arrow hits the adder!
The adder is almost dead.
You feel sick.
You are no longer poisoned.
The adder bites you.
You die...

'## ..#########
..#.......# .
..#.......# ..
..#.......# (..
..#.......##########....
'##....................)
.##.......######...#....
.##.......# #@).# .
>.........# #?..S..(.(..
.#........# #.....%.....
.#.######## #.........(.
.#.# #........... .#.#
#........... .#.#
#.......#### .#.#
#.......# .#.#


You could see an adder.

Vanquished Creatures
  2 dart slugs
  2 endoplasms (D:1)
  2 giant cockroaches (D:1)
  2 goblins (D:1)
  3 quokkas
  4 ball pythons (D:1)
  A bat (D:1)
  3 frilled lizards (D:1)
  5 kobolds
  7 rats (D:1)
31 creatures vanquished.

Notes
Turn   | Place    | Note
-------+----------+-------------------------------------------
     0 | D:1      | qw the Deep Elf Hunter began the quest for the Orb.
     0 | D:1      | Reached XP level 1. HP: 12/12 MP: 3/3
     0 | D:1      | 0 ||| qw: Version: 0.3-a-157-g843a77d
     0 | D:1      | 0 ||| qw: Game counter: 3715
     0 | D:1      | 0 ||| qw: Melee chars always use a shield: true
     0 | D:1      | 0 ||| qw: God list: Okawaru
     0 | D:1      | 0 ||| qw: Allow faded altars: false
     0 | D:1      | 0 ||| qw: Do Orc after clearing Dungeon:15 true
     0 | D:1      | 0 ||| qw: Do second Lair branch before Depths: true
     0 | D:1      | 0 ||| qw: Lair rune preference: random
     0 | D:1      | 0 ||| qw: Goals: Normal
     0 | D:1      | 0 ||| PLANNING D:1-11
   167 | D:1      | Reached skill level 6 in Ranged Weapons
   167 | D:1      | Reached XP level 2. HP: 16/16 MP: 4/4
   317 | D:1      | HP: 3/16 [frozen (4)]
   968 | D:1      | 968 ||| UPGRADING to +0 ring mail.
   978 | D:1      | 978 ||| DROPPING +0 leather armour.
   979 | D:1      | 979 ||| READING 3 scrolls labelled NUIXIEG AVVAAW.
  1080 | D:1      | 1080 ||| READING scroll labelled BERHOFET LUAR.
  1181 | D:1      | 1181 ||| DRINKING 2 puce potions.
  1182 | D:1      | 1182 ||| DROPPING scroll of butterflies.
  1183 | D:1      | 1183 ||| DROPPING potion of attraction.
  1184 | D:1      | 1184 ||| DROPPING 2 scrolls of vulnerability.
  1261 | D:2      | Reached XP level 3. HP: 20/20 MP: 5/5
  1273 | D:2      | HP: 5/20 [poisoned by an adder]
  1276 | D:2      | HP: 2/20 [poisoned by an adder]
  1277 | D:2      | Slain by an adder

Levels and vault maps discovered:
D:1:      grunt_arrival_lava_bath, layout_basic
D:2:      layout_basic

Skill      XL: |  1 |
---------------+----+-----
Ranged Weapons | 6 |  6.7
Fighting       | |  1.5
Dodging        | |  2.4
Stealth        | |  1.2

Action                     || total
---------------------------++-------
   Fire: Shortbow          ||    81
    Use: Scroll            ||     2
         Potion            ||     1
 Armour: Leather armour    ||    13
         Ring mail         ||     9
  Dodge: Dodged            ||    28

Table legend:
 A = Non-vault XP
 B = Vault XP
 C = Vault XP percentage of total XP
 D = Non-vault monster count
 E = Vault monster count
 F = Vault count percentage of total count
                 A         B        C        D         E       F
            +---------+---------+-------+---------+---------+-------
      Total |      46 |       0 |   0.0 |      31 |       0 |   0.0
            +---------+---------+-------+---------+---------+-------
        D:1 |      39 |       0 |   0.0 |      28 |       0 |   0.0
        D:2 |       7 |       0 |   0.0 |       3 |       0 |   0.0
            +---------+---------+-------+---------+---------+-------
